AoeStats
← Amauta

MegaRandom

510225015Analyzed
4v4 RM · 1d ago on Sep 30, 2026· 55m 41s· 8 players
Game mode
Random Map
Map size
Large (8 player)
Population
200
Speed
Normal
Resources
Standard
Victory
Conquest
Starting age
Dark Age
Ending age
Imperial Age
RankedLock teamsTeams togetherTeam positionsShared explorationLock speedFull tech treeHidden civsTurbo modeCheats
Victory
Defeat
🇺🇸 Italians · United States
1390
+12
🇹🇼 Cumans · Taiwan
1377
+12
🇦🇷 Maya · Argentina
1342
+13
🇦🇷 Varangians · Argentina
1303
+15
🇺🇸 Vietnamese · United States
1418
-18
🇺🇸 Ethiopians · United States
1313
-14
🇺🇸 Danes · United States
1237
-11
🇺🇸 Persians · United States
1187
-9
Amauta
7:17 Loom
9:42 Feudal Age
12:09 Fletching
15:55 Double-Bit Axe
22:30 Castle Age
21:45 Stone Mining
23:25 Medium Warships
23:13 Bodkin Arrow
24:21 Bow Saw
24:42 Gold Mining
27:58 Ballistics
28:18 Wheelbarrow
35:17 Imperial Age
33:12 Padded Archer Armor
34:11 Hand Cart
37:02 Leather Archer Armor
36:48 Bracer
37:51 Chemistry
37:44 Heavy Warships
39:32 Ring Archer Armor
40:11 Conscription
41:27 Town Watch
41:51 Elite Genoese Crossbowman
43:34 Thumb Ring
44:10 Hoardings
45:35 Scale Mail Armor
45:45 Forging
45:25 Arson
45:41 Squires
46:42 Chain Mail Armor
47:47 Iron Casting
48:41 Plate Mail Armor
52:29 Blast Furnace
再讓我農一下
9:46 Feudal Age
9:59 Loom
10:42 Double-Bit Axe
12:15 Horse Collar
15:42 Wheelbarrow
23:04 Castle Age
23:57 Bloodlines
24:00 Forging
24:22 Gold Mining
24:22 Stone Mining
24:52 Bow Saw
24:43 Heavy Plow
25:01 Scale Barding Armor
25:31 Iron Casting
26:34 Chain Barding Armor
26:06 Fletching
30:46 Hand Cart
30:17 Town Watch
35:18 Imperial Age
32:49 Town Patrol
33:15 Ballistics
35:58 Elite Steppe Lancer
37:40 Blast Furnace
39:05 Two-Man Saw
38:48 Crop Rotation
39:22 Gold Shaft Mining
40:55 Chemistry
39:34 Cavalier
41:15 Plate Barding Armor
41:16 Paladin
43:15 Bodkin Arrow
43:22 Steppe Husbandry
46:55 Conscription
51:30 Light Cavalry
56:12 Caravan
55:40 Hussar
ZoonFAunlimónki
8:04 Loom
10:34 Feudal Age
11:27 Double-Bit Axe
16:50 Castle Age
14:59 Gold Mining
15:37 Stone Mining
17:52 Bow Saw
17:24 Fishing Lines
19:04 Fletching
19:57 Bodkin Arrow
20:26 Town Watch
21:43 Gillnets
22:33 Wheelbarrow
27:34 Ballistics
28:46 Masonry
28:37 Padded Archer Armor
28:52 Clinker Construction
28:54 Careening
29:06 Medium Warships
30:44 Scale Barding Armor
32:40 Forging
33:57 Bloodlines
35:53 Chain Barding Armor
36:09 Iron Casting
41:08 Imperial Age
40:56 Stone Shaft Mining
40:33 Masonry
40:48 Hand Cart
40:49 Hand Cart
42:31 Plate Barding Armor
42:57 Blast Furnace
41:38 Elite Jarl
42:39 Conscription
43:10 Bracer
42:55 Gothikon
44:40 Scale Mail Armor
44:56 Leather Archer Armor
45:42 Chemistry
44:54 Fortified Wall
46:38 Chain Mail Armor
48:24 Two-Man Saw
50:21 Vendel Legacy
52:37 Plate Mail Armor
52:38 Ring Archer Armor
52:21 Onager
53:36 Horse Collar
53:43 Treadmill Crane
55:29 Caravan
Blue Label
0:40 Loom
11:53 Feudal Age
18:21 Castle Age
16:19 Gold Mining
16:14 Double-Bit Axe
16:20 Double-Bit Axe
16:29 Horse Collar
18:04 Gold Mining
18:27 Crossbowman
20:11 Bow Saw
19:58 Fletching
20:09 Padded Archer Armor
22:48 Bodkin Arrow
23:09 Leather Archer Armor
34:49 Thumb Ring
39:07 Imperial Age
37:36 Ballistics
39:13 Capped Ram
39:22 Arbalester
菜鸡 no more
5:04 Loom
10:49 Feudal Age
15:53 Castle Age
13:42 Fishing Lines
13:53 Double-Bit Axe
16:42 Gold Mining
17:11 Bow Saw
18:58 Fletching
21:11 Medium Warships
21:45 Bodkin Arrow
23:34 Gillnets
25:24 Horse Collar
28:03 Wheelbarrow
30:02 Heavy Plow
31:18 Hand Cart
34:19 Imperial Age
32:02 Scale Mail Armor
32:29 Squires
32:26 Pikeman
35:04 Forging
35:09 Chain Mail Armor
34:31 Capped Ram
35:30 Halberdier
35:35 Elite Varangian Guard
36:58 Siege Ram
40:51 Plate Mail Armor
43:58 Coinage
49:05 Stone Mining
51:45 Town Watch
55:24 Gambesons
hkc02
10:50 Feudal Age
14:56 Castle Age
14:13 Double-Bit Axe
15:57 Bow Saw
21:07 Loom
32:48 Imperial Age
31:33 Fletching
31:44 Padded Archer Armor
32:18 Ballistics
32:16 Bodkin Arrow
33:32 Stone Mining
34:30 Bracer
36:18 Chemistry
35:44 Leather Archer Armor
37:46 Ring Archer Armor
38:30 Gold Mining
38:51 Elite Rattan Archer
42:44 Thumb Ring
43:01 Bloodlines
42:51 Husbandry
45:08 Horse Collar
45:54 Light Cavalry
49:18 Scale Barding Armor
49:24 Forging
52:15 Chain Barding Armor
smart oaks
12:47 Feudal Age
16:37 Castle Age
16:37 Double-Bit Axe
16:33 Horse Collar
18:46 Fletching
23:50 Bodkin Arrow
26:03 Medium Warships
30:40 Loom
32:34 Wheelbarrow
40:44 Town Watch
JON
10:11 Feudal Age
8:26 Loom
15:25 Castle Age
14:43 Double-Bit Axe
19:10 Wheelbarrow
18:58 Horse Collar
23:32 Medium Warships
30:10 Forging
31:38 Iron Casting
31:42 Scale Mail Armor
34:08 Squires
34:24 Chain Mail Armor
35:08 Town Watch
36:03 Gold Mining
36:04 Stone Mining
42:55 Imperial Age
41:53 Heavy Plow
42:09 Bow Saw
41:42 Light Cavalry
42:28 Scale Barding Armor
43:59 Conscription
43:06 Hussar
44:37 Fletching
44:48 Padded Archer Armor
44:38 Elite Skirmisher
45:55 Crossbowman
46:41 Thumb Ring
47:13 Bodkin Arrow
47:53 Leather Archer Armor
48:06 Bracer
51:27 Ring Archer Armor
54:00 Chemistry
55:10 Husbandry
55:31 Chain Barding Armor
56:50 Blast Furnace
Connection lost

Rejoining the realm…

Still unreachable

The connection could not be restored.

Session expired

The server has moved on; the page needs a fresh start.